 Dungeon Crawl Stone Soup version 0.27.0-1-g7a089689b8 (webtiles) character file.

Game seed: 1471262301598968972

25 Spaninq the Ducker (level 2, -1/14 HPs)
             Began as a Felid Abyssal Knight on Aug 9, 2021.
             Was a Follower of Lugonu.
             Hit by a stone thrown by an orc (2 damage)
             ... on level 2 of the Dungeon.
             The game lasted 00:01:23 (1193 turns).

Spaninq the Ducker (Felid Abyssal Knight)           Turns: 1193, Time: 00:01:23

Health: -1/14      AC:  1    Str:  8    XL:     2   Next: 86%
Magic:  4/4        EV: 18    Int: 13    God:    Lugonu [*.....]
Gold:   21         SH:  0    Dex: 15    Spells: 1/1 levels left
                                        Lives:  0   Deaths: 0

rFire    . . .     SeeInvis +     - Unarmed
rCold    . . .     Faith    .   (shield unavailable)
rNeg     . . .     Spirit   .   (armour unavailable)
rPois    .         Reflect  .   (helmet unavailable)
rElec    .         Harm     .   (cloak unavailable)
rCorr    .         Rampage  .   (gloves unavailable)
Will     .....                  (boots unavailable)
Stlth    +.........             (no amulet)
HPRegen  0.04/turn              (no ring)
MPRegen  0.09/turn              (no ring)

@: quick
A: very small, claws 1, fangs 3, see invisible, speed 1, shaggy fur 1, stealthy
paws, no weapons or thrown items, no armour, multi-lived
a: Renounce Religion, Depart the Abyss


You were on level 2 of the Dungeon.
You worshipped Lugonu.
Lugonu was aware of your devotion.
You visited 1 branch of the dungeon, and saw 2 of its levels.
You visited the Abyss 1 time.

You collected 21 gold pieces.

Inventory:

Scrolls
 b - a scroll of torment {unknown}
 c - a scroll of noise {unknown}
Potions
 a - a potion of flight {unknown}


   Skills:
 + Level 3.2 Fighting
 + Level 3.6 Dodging
 * Level 2.8 Unarmed Combat
 - Level 1.7 Invocations


You had one spell level left.
You didn't know any spells.
Your spell library was empty.

Dungeon Overview and Level Annotations

Branches:
Dungeon (2/15)

Altars:


Innate Abilities, Weirdness & Mutations

You have sharp claws.
You have razor-sharp teeth.
You have supernaturally acute eyesight. (SInv)
You cover ground quickly. (Speed+)
You are covered in fur. (AC +1)
Your paws help you pounce on unaware monsters.
You are incapable of wielding weapons or throwing items.
You cannot wear armour.
You gain extra lives every three experience levels.


Message History

Done exploring.
Done exploring.
There is an open door, spattered with blood here.
You see here a ball python corpse.
There is an escape hatch in the floor here.
There is an open door, spattered with blood here.
You see here a ball python corpse.
There is a dry fountain here.
There is a stone staircase leading down here.
You climb downwards.
Found 8 gold pieces.
Found a stone staircase leading up.
There is a stone staircase leading up here.
An orc comes into view. It is wielding a +0 flail.
The orc shouts!
You hear a shout!
You see here 8 gold pieces.
You now have 21 gold pieces (gained 8).
You claw the orc!
You kill the orc!
Lugonu accepts your kill.
An orc comes into view. It is wielding a +0 flail.
A quokka comes into view.
The orc throws a stone.
The stone completely misses you.
Things that are here:
a +0 flail; an orc corpse You scratch the orc but do no damage.
You scratch the orc but do no damage. The orc hits you with a +0 flail!
Ouch! That really hurt!
You scratch the orc but do no damage. The orc misses you.
You scratch the orc.
The orc is lightly wounded.
The orc hits you with a +0 flail.
* * * LOW HITPOINT WARNING * * *
A goblin comes into view. It is wielding a +0 dagger.
The orc throws a stone.
The stone misses you.
Things that are here:
a +0 flail; an orc corpse The orc throws a stone.
The stone closely misses you.
There is a stone staircase leading up here.
The orc throws a stone.
The stone hits you.
You die...

..... ......
....<. .... ##
#... #.. ..#
##.####..#
###....@...#
.......#r..#
#..#..#.....#
#..#....#...#
.....##o#...#####
..#...g.........
##..#.##)#######.#
.........#
#####.####


You could see an orc, a quokka and a goblin.

Vanquished Creatures
  An orc (D:2)
  2 endoplasms (D:1)
  2 giant cockroaches (D:1)
  3 goblins (D:1)
  3 hobgoblins (D:1)
  A kobold (D:1)
  3 quokkas (D:1)
  A ball python (D:1)
  2 bats (D:1)
  3 frilled lizards (D:1)
  A rat (D:1)
22 creatures vanquished.

Notes
Turn   | Place    | Note
-------+----------+-------------------------------------------
     0 | Abyss:1  | Spaninq the Felid Abyssal Knight began the quest for the
                  | Orb.
     0 | Abyss:1  | Reached XP level 1. HP: 10/10 MP: 3/3
    26 | Abyss:1  | Found a corrupted altar of Lugonu.
    62 | D:1      | Escaped the Abyss
   291 | D:1      | Reached XP level 2. HP: 14/14 MP: 4/4
   312 | D:1      | Found a faded altar of an unknown god.
  1193 | D:2      | Hit by a stone thrown by an orc

Illustrated notes

Levels and vault maps discovered:
D:1:      erik_arrival_cave_to_civilisation [erik_arrival_cave_to_hall],
          layout_loops_ring, hellmonk_ecumenical_altar_heavens_door,
          minmay_misc_feat_ornament, serial_park_tiny_2
D:2:      layout_loops_cross, basic_altar

Action                   || total
-------------------------++-------
Melee: Unarmed           ||    47
       Bite              ||     4
 Stab: Sleeping          ||     6
Armor: Skin              ||     1
Dodge: Dodged            ||    27
